Mulligans vs Mustangs (R1)

Created - October 22, 2018 at 19:26

Goals
1 2 3 OT1 SO T
Mulligans 1 1 1 0 0 3
Mustangs 2 0 1 0 1 4
Shots
1 2 3 OT1 SO T
Mulligans 6 10 12 0 3 28
Mustangs 19 9 5 1 2 34

1st period

1. Mulligans , Drayson Bowman 1 (Matt Donovan 4, Maxime Macenauer 1) at 1:58
2. Mustangs , Jim O'Brien 1 (Tomas Tatar 1, Andrew Shaw 4) at 15:14
3. Mustangs , JT Compher 1 (Scott Mayfield 2, Max Gortz 1) at 18:46

Penalties :
Max Gortz (Ham) for Holding Stick (Minor) at 3:04, Andrew Shaw (Ham) for Holding (Minor) at 10:49

2nd period

4. Mulligans , Maxime Macenauer 1 (Joonas Donskoi 1) at 2:33

Penalties :
Tomas Tatar (Ham) for Interference (Minor) at 4:36

3rd period

5. Mulligans , Christoph Bertschy 2 (Sven Baertschi 2, Valeri Nichushkin 1) at 6:59
6. Mustangs , Joshua Leivo 2 (Andrew Shaw 5) at 8:37 (SH)

Penalties :
Dalton Thrower (Rep) for Charging (Minor) at 1:51, Joonas Donskoi (Rep) for Unsportsmanlike conduct (Minor) at 4:02, Francis Paré (Ham) for Tripping (Minor) at 7:07, Derek Joslin (Ham) for Interference (Minor) at 11:43

Overtime #1

No Goal

Penalties :
No Penalty

Shootout

Penalty Shot by Nick Bonino for Mulligans - Shot Misses the Net
Penalty Shot by Tomas Tatar for Mustangs - Goal!
Penalty Shot by Eric Tangradi for Mulligans - Shot Misses the Net
Penalty Shot by Jim O'Brien for Mustangs - Stopped by Calvin Pickard
Penalty Shot by Anton Lander for Mulligans - Stopped by Chet Pickard

Penalties :
No Penalty

Goalie Stats

Calvin Pickard (Rep), 31 saves from 34 shots - (0.912), OTL, 2-2-1, 65:00 minutes
Chet Pickard (Ham), 25 saves from 28 shots - (0.893), W, 2-0-0, 65:00 minutes

Players Stats for Mulligans

Player Name              G  A  P  +/- PIM S  H  SB GA TA FO     MP     PP MP  PK MP  
------------------------------------------------------------------------------------
Anton Lander             0  0  0  -1  0   5  0  1  3  0  4/9    19:15   4:11   1:25 
Ben Hutton               0  0  0   0  0   1  1  0  0  0  0/0    22:53   3:50   1:40 
Cade Fairchild           0  0  0   2  0   0  0  1  0  0  0/0    12:24   0:00   0:00 
Christoph Bertschy       1  0  1   1  0   1  0  0  1  1  1/2     7:47   0:00   0:18 
Cody Goloubef            0  0  0  -3  0   1  2  0  3  0  0/0    27:41   6:05   2:18 
Dalton Thrower           0  0  0   1  2   0  0  0  0  0  0/0     2:54   0:00   0:00 
Darren Dietz             0  0  0   2  0   0  0  0  0  0  0/0    12:24   0:00   0:00 
Drayson Bowman           1  0  1   2  0   2  1  0  2  0  1/1    13:40   0:22   0:00 
Eric Tangradi            0  0  0  -2  0   1  0  2  1  0  1/2    23:24   5:22   1:44 
Jonathan Tremblay        0  0  0  -2  0   2  3  0  1  0  2/4    19:28   5:22   0:00 
Joonas Donskoi           0  1  1   2  2   0  1  1  0  0  0/0    11:58   0:03   0:00 
Logan Shaw               0  0  0  -1  0   3  3  0  0  0  0/1    16:25   4:06   0:00 
Matt Beleskey            0  0  0  -1  0   0  1  0  0  0  0/1    16:35   4:11   0:00 
Matt Donovan             0  1  1  -2  0   2  1  0  0  0  0/0    29:43   6:05   2:18 
Maxime Macenauer         1  1  2   2  0   3  1  0  0  0  3/6    13:23   0:00   0:47 
Michael Sdao             0  0  0   0  0   1  3  1  0  2  0/0    22:00   3:50   1:40 
Nick Bonino              0  0  0  -2  0   0  1  0  0  2  16/29  23:57   5:41   1:45 
Reid Boucher             0  0  0   0  0   0  0  0  0  0  0/0     2:53   0:27   0:35 
Sven Baertschi           0  1  1   1  0   5  1  0  0  1  0/0     9:47   0:00   1:22 
Valeri Nichushkin        0  1  1   1  0   1  0  0  0  0  0/0     7:29   0:00   0:00 

Players Stats for Mustangs

Player Name              G  A  P  +/- PIM S  H  SB GA TA FO     MP     PP MP  PK MP  
------------------------------------------------------------------------------------
Alexei Marchenko         0  0  0   1  0   2  1  5  1  2  0/0    21:30   0:58   4:05 
Andreas Athanasiou       0  0  0   0  0   4  1  0  1  0  2/5    13:06   0:00   1:34 
Andrew Shaw              0  2  2   2  2   1  1  1  0  0  0/3    19:06   2:44   1:40 
Ben Harpur               0  0  0  -1  0   0  1  0  0  0  0/0     9:08   0:00   0:00 
Curtis Hamilton          0  0  0  -2  0   2  0  0  1  0  0/0     9:02   0:00   0:36 
Dakota Mermis            0  0  0  -1  0   0  0  1  0  0  0/0     4:30   0:00   0:00 
Danny Biega              0  0  0  -1  0   0  0  0  0  0  0/0     4:30   0:00   0:00 
Derek Joslin             0  0  0   1  2   1  1  1  0  2  0/0    27:18   3:00   4:05 
Eric Knodel              0  0  0  -1  0   0  1  2  0  0  0/0    10:42   0:00   0:51 
Francis Paré             0  0  0   0  2   1  1  0  0  2  0/0    15:04   1:14   0:00 
Jim O'Brien              1  0  1   1  0   4  1  0  0  0  13/26  23:37   2:44   5:21 
Joshua Leivo             1  0  1   1  0   4  0  0  0  1  0/0    20:20   1:14   3:54 
JT Compher               1  0  1   0  0   1  0  1  0  0  0/0    10:04   0:00   0:00 
Kurtis Gabriel           0  0  0  -2  0   1  0  0  0  0  1/1     7:11   0:00   0:00 
Mark Pysyk               0  0  0   1  0   2  2  2  0  1  0/0    28:19   3:00   5:18 
Matthew Finn             0  0  0   0  0   0  0  0  0  0  0/0     1:01   0:00   0:00 
Max Gortz                0  1  1   0  2   4  1  2  0  0  0/1    10:27   0:00   0:00 
Michael McCarron         0  0  0   0  0   1  0  0  0  0  1/2     3:10   0:00   2:05 
Nicolas Petan            0  0  0  -2  0   1  2  0  0  1  0/0     7:55   0:00   0:25 
Raphael Bussieres        0  0  0   0  0   0  0  0  0  0  0/0     1:27   0:00   0:00 
Riley Nash               0  0  0   0  0   2  1  0  1  0  5/10   14:56   1:14   0:00 
Ryan Graves              0  0  0   0  0   0  0  0  0  0  0/0     2:14   0:00   1:26 
Sam Kurker               0  0  0   0  0   0  0  0  0  0  0/0     1:21   0:00   0:00 
Scott Mayfield           0  1  1   1  0   0  3  1  0  0  0/0    21:30   0:58   4:05 
Tomas Tatar              0  1  1   1  2   3  4  1  2  2  5/7    22:32   2:44   4:15 

3 Stars

1 - Maxime Macenauer (Rep)
2 - Drayson Bowman (Rep)
3 - Jim O'Brien (Ham)

Power Play

Mulligans - 0 on 5 Attempt(s) - 0.00%
Mustangs - 0 on 2 Attempt(s) - 0.00%

Penalty Kill

Mulligans - 2 on 2 Attempt(s) - 100.00% - Score 0 goal in Penalty Kill
Mustangs - 5 on 5 Attempt(s) - 100.00% - Score 1 goal in Penalty Kill

Team Stat

Mulligans - Hits : 19 - Faceoff Wins : 28 - Blocked Shots : 6 - Penalty Minutes : 4
Mustangs - Hits : 21 - Faceoff Wins : 27 - Blocked Shots : 17 - Penalty Minutes : 10

Official

Referees : Unknown
Linesman : Unknown

Game Notes

No Game Note

Finance

Level 1 -- Attendance: 1415 (70.75%) -- Ticket Income $56,600
Level 2 -- Attendance: 697 (69.70%) -- Ticket Income $13,940
Total Attendance: 2112 (70.40%)
Total Ticket Income: $70,540
Other Income: $3,527
Total Income: $74,067

Mulligans

5 vs 5 Forward 
   Center                   Left Wing                Right Wing               Time % Phy DF OF 
 1 Nick Bonino              Eric Tangradi            Jonathan Tremblay        40     1   2  2  
 2 Anton Lander             Matt Beleskey            Logan Shaw               30     1   2  2  
 3 Maxime Macenauer         Drayson Bowman           Joonas Donskoi           20     1   2  2  
 4 Christoph Bertschy       Sven Baertschi           Valeri Nichushkin        10     1   2  2  

5 vs 5 Defense 
   Defense                  Defense                                           Time % Phy DF OF 
 1 Matt Donovan             Cody Goloubef                                     40     1   2  2  
 2 Michael Sdao             Ben Hutton                                        30     1   2  2  
 3 Cade Fairchild           Darren Dietz                                      20     1   2  2  
 4 Dalton Thrower           Matt Donovan                                      10     1   2  2  

PowerPlay Forward 
   Center                   Left Wing                Right Wing               Time % Phy DF OF 
 1 Nick Bonino              Eric Tangradi            Jonathan Tremblay        60     1   2  2  
 2 Anton Lander             Matt Beleskey            Logan Shaw               40     1   2  2  

PowerPlay Defense
   Defense                  Defense                                           Time % Phy DF OF 
 1 Matt Donovan             Cody Goloubef                                     60     1   2  2  
 2 Michael Sdao             Ben Hutton                                        40     1   2  2  

Penalty Kill 4 Players Forward 
   Center                   Wing                     Time % Phy DF OF 
 1 Nick Bonino              Eric Tangradi            60     1   2  2  
 2 Anton Lander             Maxime Macenauer         40     1   2  2  

Penalty Kill 4 Players Defense
   Defense                  Defense                  Time % Phy DF OF 
 1 Matt Donovan             Cody Goloubef            60     1   2  2  
 2 Michael Sdao             Ben Hutton               40     1   2  2  

Penalty Kill - 3 Players Forward 
   Forward                                           Time % Phy DF OF 
 1 Nick Bonino                                       60     1   2  2  
 2 Eric Tangradi                                     40     1   2  2  

Penalty Kill - 3 Players Defense
   Defense                  Defense                  Time % Phy DF OF 
 1 Matt Donovan             Cody Goloubef            60     1   2  2  
 2 Michael Sdao             Ben Hutton               40     1   2  2  

4 vs 4 Forward 
   Center                   Wing                     Time % Phy DF OF 
 1 Nick Bonino              Eric Tangradi            60     1   2  2  
 2 Anton Lander             Maxime Macenauer         40     1   2  2  

4 vs 4 Defense
   Defense                  Defense                  Time % Phy DF OF 
 1 Matt Donovan             Cody Goloubef            60     1   2  2  
 2 Michael Sdao             Ben Hutton               40     1   2  2  

Last Minutes Offensive
   Center                   Left Wing                Right Wing               Defense                  Defense                  
   Nick Bonino              Eric Tangradi            Jonathan Tremblay        Matt Donovan             Cody Goloubef            

Last Minutes Defensive
   Center                   Left Wing                Right Wing               Defense                  Defense                  
   Nick Bonino              Eric Tangradi            Jonathan Tremblay        Matt Donovan             Cody Goloubef            

Goaltenders
Starting : Calvin Pickard           
Backup : Juuse Saros              

Extra Forwards
Normal : Reid Boucher, Drayson Bowman, Sven Baertschi - PP : Reid Boucher, Drayson Bowman - PK : Sven Baertschi
Extra Defensemen
Normal : Cade Fairchild, Darren Dietz, Dalton Thrower - PP : Cade Fairchild - PK : Darren Dietz, Dalton Thrower
Penalty Shots
Nick Bonino, Eric Tangradi, Anton Lander, Maxime Macenauer, Jonathan Tremblay

Scratches
Nick Moutrey (Healthy), John Hayden (Healthy), Jonny Brodzinski (Healthy), Marek Langhamer (Healthy)

Mustangs

5 vs 5 Forward 
   Center                   Left Wing                Right Wing               Time % Phy DF OF 
 1 Jim O'Brien              Tomas Tatar              Andrew Shaw              40     1   2  2  
 2 Riley Nash               Joshua Leivo             Francis Paré             30     1   2  2  
 3 Andreas Athanasiou       JT Compher               Max Gortz                20     1   2  2  
 4 Nicolas Petan            Curtis Hamilton          Kurtis Gabriel           10     1   2  2  

5 vs 5 Defense 
   Defense                  Defense                                           Time % Phy DF OF 
 1 Derek Joslin             Mark Pysyk                                        40     1   2  2  
 2 Alexei Marchenko         Scott Mayfield                                    30     1   2  2  
 3 Eric Knodel              Ben Harpur                                        20     1   2  2  
 4 Danny Biega              Dakota Mermis                                     10     1   2  2  

PowerPlay Forward 
   Center                   Left Wing                Right Wing               Time % Phy DF OF 
 1 Jim O'Brien              Tomas Tatar              Andrew Shaw              60     1   2  2  
 2 Riley Nash               Joshua Leivo             Francis Paré             40     1   2  2  

PowerPlay Defense
   Defense                  Defense                                           Time % Phy DF OF 
 1 Derek Joslin             Mark Pysyk                                        60     1   2  2  
 2 Alexei Marchenko         Scott Mayfield                                    40     1   2  2  

Penalty Kill 4 Players Forward 
   Center                   Wing                     Time % Phy DF OF 
 1 Tomas Tatar              Jim O'Brien              60     1   2  2  
 2 Andrew Shaw              Joshua Leivo             40     1   2  2  

Penalty Kill 4 Players Defense
   Defense                  Defense                  Time % Phy DF OF 
 1 Derek Joslin             Mark Pysyk               60     1   2  2  
 2 Alexei Marchenko         Scott Mayfield           40     1   2  2  

Penalty Kill - 3 Players Forward 
   Forward                                           Time % Phy DF OF 
 1 Tomas Tatar                                       60     1   2  2  
 2 Jim O'Brien                                       40     1   2  2  

Penalty Kill - 3 Players Defense
   Defense                  Defense                  Time % Phy DF OF 
 1 Derek Joslin             Mark Pysyk               60     1   2  2  
 2 Alexei Marchenko         Scott Mayfield           40     1   2  2  

4 vs 4 Forward 
   Center                   Wing                     Time % Phy DF OF 
 1 Tomas Tatar              Jim O'Brien              60     1   2  2  
 2 Andrew Shaw              Joshua Leivo             40     1   2  2  

4 vs 4 Defense
   Defense                  Defense                  Time % Phy DF OF 
 1 Derek Joslin             Mark Pysyk               60     1   2  2  
 2 Alexei Marchenko         Scott Mayfield           40     1   2  2  

Last Minutes Offensive
   Center                   Left Wing                Right Wing               Defense                  Defense                  
   Jim O'Brien              Tomas Tatar              Andrew Shaw              Derek Joslin             Mark Pysyk               

Last Minutes Defensive
   Center                   Left Wing                Right Wing               Defense                  Defense                  
   Jim O'Brien              Tomas Tatar              Andrew Shaw              Derek Joslin             Mark Pysyk               

Goaltenders
Starting : Chet Pickard             
Backup : Joacim Eriksson          

Extra Forwards
Normal : Sam Kurker, Raphael Bussieres, Michael McCarron - PP : Sam Kurker, Raphael Bussieres - PK : Michael McCarron
Extra Defensemen
Normal : Matthew Finn, Ryan Graves, Eric Knodel - PP : Matthew Finn - PK : Ryan Graves, Eric Knodel
Penalty Shots
Tomas Tatar, Jim O'Brien, Andrew Shaw, Joshua Leivo, Riley Nash

Scratches
Jerome Samson (Bruised Left Leg Injury), Eric Comrie (Healthy)

% Time on Ice - Mulligans

Lines # - Real PCT - Wanted PCT - Time Play
Normal Forward
1 - 32% - 40% - 14:42
2 - 27% - 30% - 12:24
3 - 25% - 20% - 11:32
4 - 16% - 10% - 7:29
Normal Defense
1 - 37% - 40% - 17:02
2 - 32% - 30% - 14:43
3 - 25% - 20% - 11:27
4 - 6% - 10% - 2:55
PP Forward
1 - 58% - 60% - 5:44
2 - 42% - 40% - 4:11
PP Defense
1 - 61% - 60% - 6:05
2 - 39% - 40% - 3:50
PK Forward
1 - 80% - 60% - 3:11
2 - 20% - 40% - 0:47
PK Defense
1 - 58% - 60% - 2:18
2 - 42% - 40% - 1:40
PK3 Forward
1 - 0% - 60%
2 - 0% - 40%
PK3 Defense
1 - 0% - 60%
2 - 0% - 40%
44 Forward
1 - 79% - 60% - 3:56
2 - 21% - 40% - 1:04
44 Defense
1 - 45% - 60% - 2:16
2 - 55% - 40% - 2:44
Last Minute Offensive  - 0:00
Last Minute Defensive  - 0:00
Total
Forward - 65:00
Defense - 65:00

% Time on Ice - Mustangs

Lines # - Real PCT - Wanted PCT - Time Play
Normal Forward
1 - 33% - 40% - 15:01
2 - 30% - 30% - 13:51
3 - 22% - 20% - 10:04
4 - 16% - 10% - 7:11
Normal Defense
1 - 39% - 40% - 17:59
2 - 31% - 30% - 14:30
3 - 20% - 20% - 9:08
4 - 10% - 10% - 4:30
PP Forward
1 - 69% - 60% - 2:44
2 - 31% - 40% - 1:14
PP Defense
1 - 76% - 60% - 3:00
2 - 24% - 40% - 0:58
PK Forward
1 - 76% - 60% - 7:31
2 - 24% - 40% - 2:24
PK Defense
1 - 59% - 60% - 5:50
2 - 41% - 40% - 4:05
PK3 Forward
1 - 0% - 60%
2 - 0% - 40%
PK3 Defense
1 - 0% - 60%
2 - 0% - 40%
44 Forward
1 - 80% - 60% - 4:01
2 - 20% - 40% - 0:59
44 Defense
1 - 61% - 60% - 3:03
2 - 39% - 40% - 1:57
Last Minute Offensive  - 0:00
Last Minute Defensive  - 0:00
Total
Forward - 65:00
Defense - 65:00

Play by Play

1st period


0:01 of 1st period - Jim O'Brien wins face-off versus Nick Bonino in neutral zone.
0:08 of 1st period - Slapshot by Jim O'Brien.
0:08 of 1st period - Deflect By Cody Goloubef.
0:08 of 1st period - Stopped by Calvin Pickard with a rebound.
0:10 of 1st period - Slapshot by Tomas Tatar.
0:10 of 1st period - Shot Misses the Net.
0:26 of 1st period - Francis Paré is hit by Logan Shaw and loses puck.
1:05 of 1st period - Ben Hutton is hit by Scott Mayfield and loses puck.
1:14 of 1st period - Wrist shot by Curtis Hamilton.
1:14 of 1st period - Deflect By Ben Hutton.
1:14 of 1st period - Shot Misses the Net.
1:14 of 1st period - Puck is out of play.
1:15 of 1st period - Jim O'Brien wins face-off versus Nick Bonino in Mulligans zone.
1:47 of 1st period - Slapshot by Anton Lander.
1:47 of 1st period - Stopped by Chet Pickard with a rebound.
1:56 of 1st period - Icing by Joshua Leivo.
1:57 of 1st period - Maxime Macenauer wins face-off versus Andreas Athanasiou in Mustangs zone.
1:58 of 1st period - Slapshot by Matt Donovan.
1:58 of 1st period - Deflect By Drayson Bowman.
1:58 of 1st period - Goal by Drayson Bowman - Mulligans : 1 - Mustangs : 0.
1:59 of 1st period - Jim O'Brien wins face-off versus Nick Bonino in neutral zone.
2:04 of 1st period - Slapshot by Jim O'Brien.
2:04 of 1st period - Stopped by Calvin Pickard with a rebound.
3:04 of 1st period - Minor Penalty to Max Gortz for Holding Stick.
3:05 of 1st period - Tomas Tatar wins face-off versus Nick Bonino in Mustangs zone.
3:42 of 1st period - Alexei Marchenko is hit by Nick Bonino and loses puck.
5:04 of 1st period - Penalty to Max Gortz is over, Max Gortz is back on ice.
5:19 of 1st period - Wrist shot by Sven Baertschi.
5:19 of 1st period - Stopped by Chet Pickard with a rebound.
5:21 of 1st period - Slapshot by Sven Baertschi.
5:21 of 1st period - Shot Blocked by Max Gortz.
6:40 of 1st period - Eric Knodel is hit by Joonas Donskoi and loses puck.
7:23 of 1st period - Ben Hutton is hit by Nicolas Petan and loses puck.
7:56 of 1st period - Snap shot by Andreas Athanasiou.
7:56 of 1st period - Stopped by Calvin Pickard without a rebound.
7:57 of 1st period - Christoph Bertschy wins face-off versus Andreas Athanasiou in Mulligans zone.
8:48 of 1st period - Wrist shot by Anton Lander.
8:48 of 1st period - Deflect By Logan Shaw.
8:48 of 1st period - Stopped by Chet Pickard with a rebound.
8:50 of 1st period - Snap shot by Anton Lander.
8:50 of 1st period - Shot Misses the Net.
9:08 of 1st period - Snap shot by Drayson Bowman.
9:08 of 1st period - Shot Misses the Net.
9:20 of 1st period - Snap shot by Sven Baertschi.
9:20 of 1st period - Stopped by Chet Pickard with a rebound.
9:22 of 1st period - Slapshot by Cade Fairchild.
9:22 of 1st period - Shot Misses the Net.
9:24 of 1st period - Snap shot by Darren Dietz.
9:24 of 1st period - Shot Misses the Net.
9:32 of 1st period - Wrist shot by Christoph Bertschy.
9:32 of 1st period - Shot Misses the Net.
10:06 of 1st period - Joshua Leivo is hit by Logan Shaw and loses puck.
10:27 of 1st period - Matt Donovan is hit by Max Gortz and loses puck.
10:32 of 1st period - Slapshot by Max Gortz.
10:32 of 1st period - Shot Misses the Net.
10:34 of 1st period - Snap shot by JT Compher.
10:34 of 1st period - Shot Misses the Net.
10:36 of 1st period - Slapshot by Max Gortz.
10:36 of 1st period - Deflect By Andreas Athanasiou.
10:36 of 1st period - Stopped by Calvin Pickard with a rebound.
10:49 of 1st period - Minor Penalty to Andrew Shaw for Holding.
10:50 of 1st period - Tomas Tatar wins face-off versus Nick Bonino in Mustangs zone.
11:05 of 1st period - Snap shot by Nick Bonino.
11:05 of 1st period - Shot Blocked by Alexei Marchenko.
11:15 of 1st period - Jim O'Brien is hit by Matt Donovan and loses puck.
11:22 of 1st period - Slapshot by Logan Shaw.
11:22 of 1st period - Shot Misses the Net.
11:24 of 1st period - Slapshot by Michael Sdao.
11:24 of 1st period - Shot Misses the Net.
12:46 of 1st period - Wrist shot by Michael McCarron.
12:46 of 1st period - Stopped by Calvin Pickard without a rebound.
12:47 of 1st period - Michael McCarron wins face-off versus Matt Beleskey in Mulligans zone.
12:48 of 1st period - Slapshot by Mark Pysyk.
12:48 of 1st period - Stopped by Calvin Pickard with a rebound.
12:49 of 1st period - Penalty to Andrew Shaw is over, Andrew Shaw is back on ice.
13:39 of 1st period - Wrist shot by Curtis Hamilton.
13:39 of 1st period - Stopped by Calvin Pickard with a rebound.
13:58 of 1st period - Slapshot by Valeri Nichushkin.
13:58 of 1st period - Stopped by Chet Pickard with a rebound.
14:41 of 1st period - Wrist shot by JT Compher.
14:41 of 1st period - Deflect By Max Gortz.
14:41 of 1st period - Stopped by Calvin Pickard without a rebound.
14:42 of 1st period - Nick Bonino wins face-off versus Jim O'Brien in Mulligans zone.
14:54 of 1st period - Icing by Andrew Shaw.
14:55 of 1st period - Jonathan Tremblay wins face-off versus Jim O'Brien in Mustangs zone.
14:56 of 1st period - Snap shot by Nick Bonino.
14:56 of 1st period - Shot Blocked by Mark Pysyk.
15:14 of 1st period - Snap shot by Jim O'Brien.
15:14 of 1st period - Goal by Jim O'Brien - Mulligans : 1 - Mustangs : 1.
15:15 of 1st period - Nick Bonino wins face-off versus Jim O'Brien in neutral zone.
15:41 of 1st period - Joshua Leivo is hit by Logan Shaw and loses puck.
16:13 of 1st period - Snap shot by Curtis Hamilton.
16:13 of 1st period - Shot Misses the Net.
16:15 of 1st period - Wrist shot by Kurtis Gabriel.
16:15 of 1st period - Stopped by Calvin Pickard without a rebound.
16:16 of 1st period - Nick Bonino wins face-off versus Andrew Shaw in Mulligans zone.
16:43 of 1st period - Matt Donovan is hit by Francis Paré and loses puck.
17:14 of 1st period - Derek Joslin is hit by Maxime Macenauer and loses puck.
17:58 of 1st period - Slapshot by Nicolas Petan.
17:58 of 1st period - Stopped by Calvin Pickard with a rebound.
18:00 of 1st period - Snap shot by Curtis Hamilton.
18:00 of 1st period - Stopped by Calvin Pickard without a rebound.
18:01 of 1st period - Jim O'Brien wins face-off versus Anton Lander in Mulligans zone.
18:02 of 1st period - Wrist shot by Andrew Shaw.
18:02 of 1st period - Stopped by Calvin Pickard with a rebound.
18:04 of 1st period - Snap shot by Jim O'Brien.
18:04 of 1st period - Stopped by Calvin Pickard without a rebound.
18:05 of 1st period - Jim O'Brien wins face-off versus Anton Lander in Mulligans zone.
18:08 of 1st period - Snap shot by Andrew Shaw.
18:08 of 1st period - Deflect By Tomas Tatar.
18:08 of 1st period - Shot Misses the Net.
18:08 of 1st period - Puck is out of play.
18:09 of 1st period - Anton Lander wins face-off versus Jim O'Brien in Mulligans zone.
18:14 of 1st period - Snap shot by Logan Shaw.
18:14 of 1st period - Shot Blocked by Alexei Marchenko.
18:20 of 1st period - Snap shot by Tomas Tatar.
18:20 of 1st period - Shot Misses the Net.
18:22 of 1st period - Slapshot by Alexei Marchenko.
18:22 of 1st period - Stopped by Calvin Pickard with a rebound.
18:24 of 1st period - Snap shot by Tomas Tatar.
18:24 of 1st period - Deflect By Cody Goloubef.
18:24 of 1st period - Stopped by Calvin Pickard with a rebound.
18:36 of 1st period - Wrist shot by JT Compher.
18:36 of 1st period - Shot Misses the Net.
18:40 of 1st period - Snap shot by JT Compher.
18:40 of 1st period - Shot Misses the Net.
18:42 of 1st period - Snap shot by Max Gortz.
18:42 of 1st period - Shot Misses the Net.
18:44 of 1st period - Slapshot by Scott Mayfield.
18:44 of 1st period - Shot Misses the Net.
18:46 of 1st period - Wrist shot by JT Compher.
18:46 of 1st period - Goal by JT Compher - Mulligans : 1 - Mustangs : 2.
18:47 of 1st period - Jim O'Brien wins face-off versus Nick Bonino in neutral zone.
19:17 of 1st period - Wrist shot by Anton Lander.
19:17 of 1st period - Shot Blocked by Alexei Marchenko.
19:36 of 1st period - Wrist shot by JT Compher.
19:36 of 1st period - Shot Misses the Net.
19:38 of 1st period - Wrist shot by Andreas Athanasiou.
19:38 of 1st period - Deflect By Max Gortz.
19:38 of 1st period - Stopped by Calvin Pickard with a rebound.
19:40 of 1st period - Snap shot by Max Gortz.
19:40 of 1st period - Stopped by Calvin Pickard with a rebound.
19:42 of 1st period - Wrist shot by Max Gortz.
19:42 of 1st period - Shot Blocked by Joonas Donskoi.
19:44 of 1st period - Slapshot by Alexei Marchenko.
19:44 of 1st period - Shot Misses the Net.
Goals for this period are 1 for Mulligans vs 2 for Mustangs.
Shots for this period are 6 for Mulligans vs 19 for Mustangs.

2nd period


0:01 of 2nd period - Jim O'Brien wins face-off versus Nick Bonino in neutral zone.
0:34 of 2nd period - Off-side.
0:35 of 2nd period - Riley Nash wins face-off versus Jonathan Tremblay in neutral zone.
0:40 of 2nd period - Wrist shot by Riley Nash.
0:40 of 2nd period - Stopped by Calvin Pickard without a rebound.
0:41 of 2nd period - Nick Bonino wins face-off versus Riley Nash in Mulligans zone.
0:56 of 2nd period - Slapshot by Nick Bonino.
0:56 of 2nd period - Shot Misses the Net.
1:11 of 2nd period - Snap shot by Maxime Macenauer.
1:11 of 2nd period - Shot Hit the Post.
1:13 of 2nd period - Slapshot by Cody Goloubef.
1:13 of 2nd period - Stopped by Chet Pickard with a rebound.
1:15 of 2nd period - Snap shot by Joonas Donskoi.
1:15 of 2nd period - Shot Misses the Net.
1:31 of 2nd period - Matt Beleskey is hit by Mark Pysyk and loses puck.
1:42 of 2nd period - Wrist shot by Jim O'Brien.
1:42 of 2nd period - Shot Blocked by Anton Lander.
2:33 of 2nd period - Snap shot by Maxime Macenauer.
2:33 of 2nd period - Goal by Maxime Macenauer - Mulligans : 2 - Mustangs : 2.
2:34 of 2nd period - Nick Bonino wins face-off versus Jim O'Brien in neutral zone.
2:59 of 2nd period - Mark Pysyk is hit by Cody Goloubef and loses puck.
3:18 of 2nd period - Backhand shot by Joshua Leivo.
3:18 of 2nd period - Stopped by Calvin Pickard without a rebound.
3:19 of 2nd period - Maxime Macenauer wins face-off versus Andreas Athanasiou in Mulligans zone.
4:15 of 2nd period - Snap shot by Joshua Leivo.
4:15 of 2nd period - Deflect By Francis Paré.
4:15 of 2nd period - Stopped by Calvin Pickard without a rebound.
4:16 of 2nd period - Jim O'Brien wins face-off versus Nick Bonino in Mulligans zone.
4:21 of 2nd period - Backhand shot by Tomas Tatar.
4:21 of 2nd period - Deflect By Jim O'Brien.
4:21 of 2nd period - Shot Misses the Net.
4:21 of 2nd period - Puck is out of play.
4:22 of 2nd period - Jim O'Brien wins face-off versus Nick Bonino in Mulligans zone.
4:34 of 2nd period - Cody Goloubef is hit by Mark Pysyk and loses puck.
4:36 of 2nd period - Minor Penalty to Tomas Tatar for Interference.
4:37 of 2nd period - Nick Bonino wins face-off versus Michael McCarron in Mustangs zone.
4:38 of 2nd period - Wrist shot by Eric Tangradi.
4:38 of 2nd period - Stopped by Chet Pickard with a rebound.
6:29 of 2nd period - Michael Sdao is hit by Nicolas Petan and loses puck.
6:36 of 2nd period - Penalty to Tomas Tatar is over, Tomas Tatar is back on ice.
6:54 of 2nd period - Snap shot by Sven Baertschi.
6:54 of 2nd period - Stopped by Chet Pickard without a rebound.
6:55 of 2nd period - Maxime Macenauer wins face-off versus Riley Nash in Mustangs zone.
6:56 of 2nd period - Wrist shot by Drayson Bowman.
6:56 of 2nd period - Stopped by Chet Pickard with a rebound.
7:39 of 2nd period - Slapshot by Max Gortz.
7:39 of 2nd period - Shot Misses the Net.
7:41 of 2nd period - Snap shot by Andreas Athanasiou.
7:41 of 2nd period - Stopped by Calvin Pickard with a rebound.
7:56 of 2nd period - Icing by Francis Paré.
7:57 of 2nd period - Jim O'Brien wins face-off versus Nick Bonino in Mustangs zone.
8:07 of 2nd period - Off-side.
8:08 of 2nd period - Nick Bonino wins face-off versus Riley Nash in neutral zone.
8:15 of 2nd period - Slapshot by Cody Goloubef.
8:15 of 2nd period - Shot Misses the Net.
8:33 of 2nd period - Snap shot by Max Gortz.
8:33 of 2nd period - Deflect By Matt Donovan.
8:33 of 2nd period - Stopped by Calvin Pickard with a rebound.
8:35 of 2nd period - Backhand shot by Max Gortz.
8:35 of 2nd period - Shot Blocked by Eric Tangradi.
8:37 of 2nd period - Slapshot by Alexei Marchenko.
8:37 of 2nd period - Stopped by Calvin Pickard with a rebound.
8:59 of 2nd period - Wrist shot by Anton Lander.
8:59 of 2nd period - Shot Blocked by Tomas Tatar.
9:22 of 2nd period - Matt Donovan is hit by Ben Harpur and loses puck.
9:59 of 2nd period - Snap shot by Logan Shaw.
9:59 of 2nd period - Shot Blocked by JT Compher.
10:01 of 2nd period - Slapshot by Michael Sdao.
10:01 of 2nd period - Shot Misses the Net.
10:03 of 2nd period - Wrist shot by Matt Beleskey.
10:03 of 2nd period - Shot Blocked by Eric Knodel.
10:21 of 2nd period - Snap shot by Andrew Shaw.
10:21 of 2nd period - Deflect By Tomas Tatar.
10:21 of 2nd period - Shot Misses the Net.
10:21 of 2nd period - Puck is out of play.
10:22 of 2nd period - Nick Bonino wins face-off versus Jim O'Brien in Mulligans zone.
10:33 of 2nd period - Snap shot by Tomas Tatar.
10:33 of 2nd period - Stopped by Calvin Pickard without a rebound.
10:34 of 2nd period - Jim O'Brien wins face-off versus Jonathan Tremblay in Mulligans zone.
12:28 of 2nd period - Off-side.
12:29 of 2nd period - Riley Nash wins face-off versus Maxime Macenauer in neutral zone.
12:38 of 2nd period - Wrist shot by Joshua Leivo.
12:38 of 2nd period - Stopped by Calvin Pickard with a rebound.
12:40 of 2nd period - Snap shot by Riley Nash.
12:40 of 2nd period - Stopped by Calvin Pickard without a rebound.
12:41 of 2nd period - Jim O'Brien wins face-off versus Nick Bonino in Mulligans zone.
12:54 of 2nd period - Snap shot by Nick Bonino.
12:54 of 2nd period - Shot Misses the Net.
13:15 of 2nd period - Wrist shot by Anton Lander.
13:15 of 2nd period - Shot Blocked by Mark Pysyk.
13:17 of 2nd period - Wrist shot by Ben Hutton.
13:17 of 2nd period - Shot Blocked by Derek Joslin.
13:21 of 2nd period - Snap shot by Anton Lander.
13:21 of 2nd period - Stopped by Chet Pickard without a rebound.
13:22 of 2nd period - Anton Lander wins face-off versus Max Gortz in Mustangs zone.
13:47 of 2nd period - Alexei Marchenko is hit by Michael Sdao and loses puck.
14:12 of 2nd period - Slapshot by Matt Donovan.
14:12 of 2nd period - Shot Misses the Net.
14:14 of 2nd period - Slapshot by Darren Dietz.
14:14 of 2nd period - Shot Blocked by Scott Mayfield.
14:16 of 2nd period - Wrist shot by Jonathan Tremblay.
14:16 of 2nd period - Stopped by Chet Pickard with a rebound.
14:20 of 2nd period - Snap shot by Eric Tangradi.
14:20 of 2nd period - Shot Blocked by Andrew Shaw.
14:38 of 2nd period - Wrist shot by Jim O'Brien.
14:38 of 2nd period - Shot Misses the Net.
14:57 of 2nd period - Slapshot by Joshua Leivo.
14:57 of 2nd period - Shot Misses the Net.
15:37 of 2nd period - Derek Joslin is hit by Cody Goloubef.
16:16 of 2nd period - Cade Fairchild is hit by Tomas Tatar and loses puck.
16:39 of 2nd period - Snap shot by Christoph Bertschy.
16:39 of 2nd period - Shot Misses the Net.
16:53 of 2nd period - Wrist shot by Maxime Macenauer.
16:53 of 2nd period - Deflect By Dakota Mermis.
16:53 of 2nd period - Stopped by Chet Pickard with a rebound.
16:55 of 2nd period - Slapshot by Cody Goloubef.
16:55 of 2nd period - Shot Blocked by Dakota Mermis.
16:57 of 2nd period - Snap shot by Matt Donovan.
16:57 of 2nd period - Stopped by Chet Pickard without a rebound.
16:58 of 2nd period - Riley Nash wins face-off versus Anton Lander in Mustangs zone.
17:29 of 2nd period - Backhand shot by Matt Donovan.
17:29 of 2nd period - Deflect By Eric Tangradi.
17:29 of 2nd period - Shot Blocked by Max Gortz.
17:29 of 2nd period - Puck is out of play.
17:30 of 2nd period - Jonathan Tremblay wins face-off versus Jim O'Brien in Mustangs zone.
17:37 of 2nd period - Wrist shot by Eric Tangradi.
17:37 of 2nd period - Shot Misses the Net.
18:36 of 2nd period - Snap shot by Sven Baertschi.
18:36 of 2nd period - Stopped by Chet Pickard without a rebound.
18:37 of 2nd period - Kurtis Gabriel wins face-off versus Christoph Bertschy in Mustangs zone.
18:42 of 2nd period - Wrist shot by Matt Donovan.
18:42 of 2nd period - Shot Blocked by Alexei Marchenko.
19:04 of 2nd period - Jim O'Brien is hit by Jonathan Tremblay and loses puck.
19:28 of 2nd period - Slapshot by Matt Donovan.
19:28 of 2nd period - Shot Misses the Net.
19:30 of 2nd period - Wrist shot by Anton Lander.
19:30 of 2nd period - Shot Misses the Net.
19:32 of 2nd period - Snap shot by Logan Shaw.
19:32 of 2nd period - Shot Misses the Net.
19:34 of 2nd period - Slapshot by Cody Goloubef.
19:34 of 2nd period - Shot Hit the Post.
19:54 of 2nd period - Wrist shot by Maxime Macenauer.
19:54 of 2nd period - Shot Misses the Net.
Goals for this period are 1 for Mulligans vs 0 for Mustangs.
Shots for this period are 10 for Mulligans vs 9 for Mustangs.

3rd period


0:01 of 3rd period - Nick Bonino wins face-off versus Jim O'Brien in neutral zone.
0:01 of 3rd period - Nick Bonino is hit by Andrew Shaw.
0:05 of 3rd period - Derek Joslin is hit by Jonathan Tremblay and loses puck.
0:47 of 3rd period - Snap shot by Jonathan Tremblay.
0:47 of 3rd period - Shot Misses the Net.
1:11 of 3rd period - Eric Knodel is hit by Matt Beleskey and loses puck.
1:16 of 3rd period - Snap shot by Anton Lander.
1:16 of 3rd period - Stopped by Chet Pickard with a rebound.
1:18 of 3rd period - Slapshot by Matt Donovan.
1:18 of 3rd period - Shot Misses the Net.
1:51 of 3rd period - Minor Penalty to Dalton Thrower for Charging.
1:52 of 3rd period - Nick Bonino wins face-off versus Jim O'Brien in Mulligans zone.
3:36 of 3rd period - Matt Donovan is hit by Tomas Tatar and loses puck.
3:51 of 3rd period - Penalty to Dalton Thrower is over, Dalton Thrower is back on ice.
4:02 of 3rd period - Minor Penalty to Joonas Donskoi for Unsportsmanlike conduct.
4:03 of 3rd period - Eric Tangradi wins face-off versus Jim O'Brien in Mulligans zone.
4:03 of 3rd period - Eric Tangradi is hit by Tomas Tatar.
4:34 of 3rd period - Icing by Mark Pysyk.
4:35 of 3rd period - Anton Lander wins face-off versus Jim O'Brien in Mustangs zone.
4:48 of 3rd period - Cody Goloubef is hit by Tomas Tatar and loses puck.
5:23 of 3rd period - Slapshot by Tomas Tatar.
5:23 of 3rd period - Stopped by Calvin Pickard with a rebound.
5:37 of 3rd period - Snap shot by Andrew Shaw.
5:37 of 3rd period - Shot Blocked by Michael Sdao.
5:51 of 3rd period - Mark Pysyk is hit by Michael Sdao and loses puck.
6:02 of 3rd period - Penalty to Joonas Donskoi is over, Joonas Donskoi is back on ice.
6:57 of 3rd period - Snap shot by Sven Baertschi.
6:57 of 3rd period - Stopped by Chet Pickard with a rebound.
6:59 of 3rd period - Snap shot by Christoph Bertschy.
6:59 of 3rd period - Goal by Christoph Bertschy - Mulligans : 3 - Mustangs : 2.
7:00 of 3rd period - Anton Lander wins face-off versus Riley Nash in neutral zone.
7:05 of 3rd period - Wrist shot by Matt Beleskey.
7:05 of 3rd period - Shot Misses the Net.
7:07 of 3rd period - Minor Penalty to Francis Paré for Tripping.
7:08 of 3rd period - Tomas Tatar wins face-off versus Eric Tangradi in Mustangs zone.
7:33 of 3rd period - Wrist shot by Logan Shaw.
7:33 of 3rd period - Stopped by Chet Pickard with a rebound.
7:35 of 3rd period - Snap shot by Logan Shaw.
7:35 of 3rd period - Stopped by Chet Pickard with a rebound.
7:37 of 3rd period - Slapshot by Ben Hutton.
7:37 of 3rd period - Shot Blocked by Alexei Marchenko.
7:39 of 3rd period - Wrist shot by Logan Shaw.
7:39 of 3rd period - Shot Misses the Net.
7:41 of 3rd period - Snap shot by Matt Beleskey.
7:41 of 3rd period - Shot Misses the Net.
7:43 of 3rd period - Slapshot by Michael Sdao.
7:43 of 3rd period - Deflect By Anton Lander.
7:43 of 3rd period - Shot Hit the Post.
7:43 of 3rd period - Puck is out of play.
7:44 of 3rd period - Nick Bonino wins face-off versus Andrew Shaw in Mustangs zone.
7:50 of 3rd period - Wrist shot by Jonathan Tremblay.
7:50 of 3rd period - Stopped by Chet Pickard without a rebound.
7:51 of 3rd period - Nick Bonino wins face-off versus Andrew Shaw in Mustangs zone.
8:37 of 3rd period - Snap shot by Joshua Leivo.
8:37 of 3rd period - Goal by Joshua Leivo - Mulligans : 3 - Mustangs : 3.
8:38 of 3rd period - Tomas Tatar wins face-off versus Logan Shaw in neutral zone.
8:49 of 3rd period - Snap shot by Matt Donovan.
8:49 of 3rd period - Shot Misses the Net.
8:51 of 3rd period - Wrist shot by Anton Lander.
8:51 of 3rd period - Shot Misses the Net.
8:53 of 3rd period - Wrist shot by Anton Lander.
8:53 of 3rd period - Shot Misses the Net.
9:07 of 3rd period - Penalty to Francis Paré is over, Francis Paré is back on ice.
9:15 of 3rd period - Backhand shot by Maxime Macenauer.
9:15 of 3rd period - Stopped by Chet Pickard without a rebound.
9:16 of 3rd period - Drayson Bowman wins face-off versus Riley Nash in Mustangs zone.
9:50 of 3rd period - Joonas Donskoi is hit by Scott Mayfield and loses puck.
10:24 of 3rd period - Snap shot by Joshua Leivo.
10:24 of 3rd period - Stopped by Calvin Pickard without a rebound.
10:25 of 3rd period - Nick Bonino wins face-off versus Jim O'Brien in Mulligans zone.
10:30 of 3rd period - Nick Bonino is hit by Jim O'Brien and loses puck.
11:00 of 3rd period - Wrist shot by Matt Beleskey.
11:00 of 3rd period - Shot Blocked by Eric Knodel.
11:02 of 3rd period - Slapshot by Michael Sdao.
11:02 of 3rd period - Stopped by Chet Pickard with a rebound.
11:04 of 3rd period - Snap shot by Ben Hutton.
11:04 of 3rd period - Stopped by Chet Pickard with a rebound.
11:06 of 3rd period - Snap shot by Anton Lander.
11:06 of 3rd period - Shot Misses the Net.
11:27 of 3rd period - Wrist shot by Curtis Hamilton.
11:27 of 3rd period - Deflect By Darren Dietz.
11:27 of 3rd period - Shot Blocked by Cade Fairchild.
11:27 of 3rd period - Puck is out of play.
11:28 of 3rd period - Nick Bonino wins face-off versus Jim O'Brien in Mulligans zone.
11:37 of 3rd period - Slapshot by Eric Tangradi.
11:37 of 3rd period - Shot Misses the Net.
11:39 of 3rd period - Slapshot by Matt Donovan.
11:39 of 3rd period - Stopped by Chet Pickard without a rebound.
11:40 of 3rd period - Jim O'Brien wins face-off versus Nick Bonino in Mustangs zone.
11:40 of 3rd period - Jim O'Brien is hit by Jonathan Tremblay.
11:43 of 3rd period - Minor Penalty to Derek Joslin for Interference.
11:44 of 3rd period - Nick Bonino wins face-off versus Tomas Tatar in Mustangs zone.
11:44 of 3rd period - Wrist shot by Eric Tangradi.
11:44 of 3rd period - Deflect By Mark Pysyk.
11:44 of 3rd period - Shot Misses the Net.
11:44 of 3rd period - Puck is out of play.
11:45 of 3rd period - Nick Bonino wins face-off versus Tomas Tatar in Mustangs zone.
11:46 of 3rd period - Snap shot by Eric Tangradi.
11:46 of 3rd period - Shot Misses the Net.
13:43 of 3rd period - Penalty to Derek Joslin is over, Derek Joslin is back on ice.
14:25 of 3rd period - Snap shot by Andreas Athanasiou.
14:25 of 3rd period - Stopped by Calvin Pickard without a rebound.
14:26 of 3rd period - Riley Nash wins face-off versus Maxime Macenauer in Mulligans zone.
14:56 of 3rd period - Snap shot by Anton Lander.
14:56 of 3rd period - Stopped by Chet Pickard with a rebound.
14:58 of 3rd period - Slapshot by Ben Hutton.
14:58 of 3rd period - Shot Misses the Net.
15:00 of 3rd period - Backhand shot by Michael Sdao.
15:00 of 3rd period - Shot Hit the Post.
15:02 of 3rd period - Snap shot by Logan Shaw.
15:02 of 3rd period - Shot Misses the Net.
15:04 of 3rd period - Wrist shot by Anton Lander.
15:04 of 3rd period - Stopped by Chet Pickard with a rebound.
15:59 of 3rd period - Eric Knodel is hit by Drayson Bowman and loses puck.
16:56 of 3rd period - Ben Harpur is hit by Sven Baertschi and loses puck.
17:19 of 3rd period - Drayson Bowman is hit by Eric Knodel and loses puck.
17:31 of 3rd period - Joonas Donskoi is hit by Alexei Marchenko and loses puck.
18:12 of 3rd period - Wrist shot by Nicolas Petan.
18:12 of 3rd period - Shot Misses the Net.
18:56 of 3rd period - Slapshot by Andreas Athanasiou.
18:56 of 3rd period - Deflect By JT Compher.
18:56 of 3rd period - Shot Misses the Net.
18:56 of 3rd period - Puck is out of play.
18:57 of 3rd period - Andreas Athanasiou wins face-off versus Maxime Macenauer in Mulligans zone.
19:10 of 3rd period - Snap shot by Max Gortz.
19:10 of 3rd period - Shot Misses the Net.
19:22 of 3rd period - Matt Donovan is hit by Riley Nash and loses puck.
19:32 of 3rd period - Icing by Cody Goloubef.
19:33 of 3rd period - Riley Nash wins face-off versus Anton Lander in Mulligans zone.
19:36 of 3rd period - Slapshot by Mark Pysyk.
19:36 of 3rd period - Stopped by Calvin Pickard with a rebound.
19:53 of 3rd period - Icing by Mark Pysyk.
19:54 of 3rd period - Andreas Athanasiou wins face-off versus Anton Lander in Mustangs zone.
19:54 of 3rd period - Andreas Athanasiou is hit by Ben Hutton.
Goals for this period are 1 for Mulligans vs 1 for Mustangs.
Shots for this period are 12 for Mulligans vs 5 for Mustangs.

Overtime #1


0:01 of 1st overtime period - Tomas Tatar wins face-off versus Nick Bonino in neutral zone.
0:04 of 1st overtime period - Slapshot by Mark Pysyk.
0:04 of 1st overtime period - Shot Blocked by Eric Tangradi.
0:16 of 1st overtime period - Wrist shot by Nick Bonino.
0:16 of 1st overtime period - Shot Misses the Net.
1:36 of 1st overtime period - Jim O'Brien is hit by Michael Sdao and loses puck.
2:00 of 1st overtime period - Drayson Bowman is hit by Derek Joslin and loses puck.
2:52 of 1st overtime period - Cade Fairchild is hit by Andreas Athanasiou.
3:53 of 1st overtime period - Sven Baertschi is hit by Scott Mayfield and loses puck.
4:38 of 1st overtime period - Slapshot by Derek Joslin.
4:38 of 1st overtime period - Stopped by Calvin Pickard with a rebound.
Goals for this period are 0 for Mulligans vs 0 for Mustangs.
Shots for this period are 0 for Mulligans vs 1 for Mustangs.

ShootOut


5:00 of 1st overtime period - Penalty Shot by Nick Bonino for Mulligans.
5:00 of 1st overtime period - Snap shot by Nick Bonino.
5:00 of 1st overtime period - Shot Misses the Net.
5:00 of 1st overtime period - Penalty Shot by Tomas Tatar for Mustangs.
5:00 of 1st overtime period - Deke by Tomas Tatar.
5:00 of 1st overtime period - Goal by Tomas Tatar.
5:00 of 1st overtime period - Penalty Shot by Eric Tangradi for Mulligans.
5:00 of 1st overtime period - Deke by Eric Tangradi.
5:00 of 1st overtime period - Shot Misses the Net.
5:00 of 1st overtime period - Penalty Shot by Jim O'Brien for Mustangs.
5:00 of 1st overtime period - Wrist shot by Jim O'Brien.
5:00 of 1st overtime period - Stopped by Calvin Pickard.
5:00 of 1st overtime period - Penalty Shot by Anton Lander for Mulligans.
5:00 of 1st overtime period - Deke by Anton Lander.
5:00 of 1st overtime period - Stopped by Chet Pickard.